Cogmind - Beta 13 @@@ ROGUE MODE // 2024.07.27 @ 19:07:58 Player: OctagonalPrism Result: Destroyed by Cetus Guard with Advanced Variable Charge Gun Performance ------------- Evolutions (4) 2000 Regions Visited (8) 1600 Robots Destroyed (99) 495 Value Destroyed (3328) 3328 Prototype IDs (1) 20 Alien Tech Used (0) 0 Bonus (681) 681 TOTAL SCORE: 8124 Bonus ------- High Alert Combat Kills 100 Follower Combat Kills 634 Friendly Fire -53 Cogmind --------- Core Integrity 0/850 Matter 264/300 Energy 576/850 System Corruption 20% Temperature Cool (4) Movement Walking (190) Ox1 Location -6/Cetus Parts ------- > --- POWER (2) -------- Improved Deuterium Engine Fission Core > --- PROPULSION (3) --- Carbon-fiber Leg Carbon-fiber Leg Flexi-carbon Leg > --- UTILITY (8) ------ Medium Storage Unit Energy Well Advanced Signal Interpreter Advanced Targeting Computer Target Analyzer Improved Light Armor Plating Force Field > --- WEAPON (2) ------- Autogun EMP Blaster > --- INVENTORY (10) --- Wheel Advanced Heat Sink High-capacity Matter Pod (200) Advanced Targeting Computer Gatling Laser Heavy Beamcaster Magnetic Acceleration Cannon Phasing Sabre Peak State ------------ > --- POWER ------------ Light Nuclear Core Improved Deuterium Engine > --- PROPULSION ------- Improved Treads Improved Treads Flexi-carbon Leg > --- UTILITY ---------- Medium Storage Unit Energy Well Advanced Signal Interpreter Target Analyzer Improved Light Armor Plating Improved Light Armor Plating Layered Medium Armor Plating Hacking Suite > --- WEAPON ----------- Heavy Beamcaster Coil Gun > --- INVENTORY -------- Improved Deuterium Engine Carbon-fiber Leg High-capacity Matter Pod Advanced Targeting Computer Advanced ECM Suite EMP Blaster Phasing Sabre [Rating: 57] Favorites ----------- Power Improved Deuterium Engine Engine Improved Deuterium Engine Power Core Light Nuclear Core Propulsion Wheel Treads Armored Treads Leg Carbon-fiber Leg Wheel Wheel Utility Target Analyzer Device Improved Terrain Scanner Storage Small Storage Unit Processor Target Analyzer Hackware Hacking Suite Protection Improved Medium Armor Plating Weapon Coil Gun Energy Gun EM Pulse Gun Energy Cannon Improved EM Pulse Cannon Ballistic Gun Coil Gun Launcher Grenade Launcher Impact Weapon Heavy Mace Slashing Weapon Phasing Sabre Build | -11 -10 -9 -9 -8 -7 -6 -6 -6 ------- Run | Yrd Mat Mat Min Mat Fac Fac Ext Cet Slots Evolved 8 | . . 2 . 2 2 2 . . Power 1 | . . . . . . 1 . . Propulsion 1 | . . . . 1 . . . . Utility 6 | . . 2 . 1 2 1 . . Weapon . | . . . . . . . . . Parts Attached 149 | 6 5 3 1 25 28 35 42 4 Power 27 | 1 1 2 . 7 2 7 6 1 Engine 17 | 1 1 2 . 4 . 4 5 . Core 10 | . . . . 3 2 3 1 1 Reactor . | . . . . . . . . . Propulsion 40 | 2 2 . . 9 6 5 15 1 Treads 10 | . . . . 1 2 2 5 . Leg 11 | . . . . . 1 . 9 1 Wheel 19 | 2 2 . . 8 3 3 1 . Hover . | . . . . . . . . . Flight . | . . . . . . . . . Utility 52 | 1 2 1 1 4 16 16 10 1 Device 26 | . 2 . 1 2 9 7 4 1 Storage 3 | 1 . . . . . 2 . . Processor 7 | . . 1 . . 3 2 1 . Hackware 2 | . . . . . . . 2 . Protection 14 | . . . . 2 4 5 3 . Artifact . | . . . . . . . . . Weapon 30 | 2 . . . 5 4 7 11 1 Energy Gun 9 | 1 . . . 1 1 2 4 . Energy Cannon 4 | . . . . 1 2 1 . . Ballistic Gun 9 | 1 . . . 1 1 3 3 . Ballistic Cannon . | . . . . . . . . . Launcher 4 | . . . . 2 . . 1 1 Special Weapon . | . . . . . . . . . Impact Weapon 1 | . . . . . . 1 . . Slashing Weapon 3 | . . . . . . . 3 . Piercing Weapon . | . . . . . . . . . Special Melee Weapon . | . . . . . . . . . Unidentified Prototypes 1 | . . . . 1 . . . . Corrupted Parts 3 | . . . . . . 3 . . System Corruption 7 | . . . . . . 7 . . Parts Lost 62 | . 1 . . 7 9 19 25 1 Power 12 | . 1 . . 1 1 4 5 . Propulsion 20 | . . . . 4 4 3 9 . Utility 22 | . . . . 1 3 9 8 1 Weapon 8 | . . . . 1 1 3 3 . Highest Loss Streak 9 | . 1 . . 3 4 4 9 1 To Critical Strikes 1 | . . . . . . . 1 . Average Slot Usage (%) 91 | . 83 83 94 96 96 89 88 81 Engine 5 | . 12 11 11 4 2 5 6 6 Core 3 | . . . . 4 4 4 3 1 Treads 5 | . . . . 5 7 3 9 . Leg 2 | . . . . . 5 . 4 15 Wheel 9 | . 26 22 22 20 6 9 2 . Device 10 | . 1 11 16 18 14 10 3 3 Storage 10 | . 14 11 11 9 7 10 13 13 Processor 13 | . . 6 11 9 16 14 13 20 Hackware 1 | . . . . . . . 7 . Protection 10 | . . . . 6 12 15 8 6 Energy Gun 4 | . 14 11 11 2 2 3 3 2 Energy Cannon 2 | . . . . 5 6 1 . . Ballistic Gun 6 | . 14 11 11 9 4 5 5 6 Naked Turns . | . . . . . . . . . Heaviest Build 53 | 12 13 15 16 30 33 51 53 52 Greatest Support 66 | 20 20 20 20 36 44 44 66 50 Greatest Overweight (x) 12 | . . . . 1 3 5 12 1 Average Overweight (x) 1 | . . . . . 1 1 1 . Largest Inventory Capacity 10 | 8 8 8 8 8 8 10 10 10 Average Capacity 8 | 7 8 8 8 8 8 8 10 10 Most Carried 9 | 1 7 7 6 8 8 8 9 9 Average Carried 5 | . 2 6 6 6 6 6 5 8 Final Capacity 10 | 8 8 8 8 8 8 10 10 10 Final Carried 9 | 1 6 6 6 7 7 5 9 8 Class Distribution -------------------- 45% | Scavenger-Mutant 34% | Mutant 10% | Scavenger-Skirmisher 6% | Hacker-Mutant Dominant Class ---------------- Mutant | -10/Materials Mutant | -9/Materials Scavenger-Skirmisher | -9/Mines Scavenger-Skirmisher | -8/Materials Scavenger-Mutant | -7/Factory Mutant | -6/Factory Scavenger-Mutant | -6/Extension Scavenger-Mutant | -6/Cetus Resources | -11 -10 -9 -9 -8 -7 -6 -6 -6 ----------- Run | Yrd Mat Mat Min Mat Fac Fac Ext Cet Matter Collected 2965 | 255 225 102 13 463 520 674 672 41 Remotely . | . . . . . . . . . Salvage Created 3894 | . 395 357 30 745 645 1093 629 . Parts 209 | . 32 32 3 32 36 49 25 . Haulers Intercepted . | . . . . . . . . . Recyclers Shooed 5 | . 2 . . . . 3 . . Parts Field Recycled . | . . . . . . . . . Retrieved Matter . | . . . . . . . . . Parts Self-Destructed . | . . . . . . . . . Prevented . | . . . . . . . . . Kills | -11 -10 -9 -9 -8 -7 -6 -6 -6 ------- Run | Yrd Mat Mat Min Mat Fac Fac Ext Cet Combat Hostiles Destroyed 68 | . 5 8 . 17 10 17 11 . Melee 6 | . . . . . . . 6 . Guns 47 | . 5 8 . 10 4 16 4 . Cannons 7 | . . . . 4 3 . . . AOE 6 | . . . . 3 2 . 1 . Classes Destroyed 11 | . 5 1 . 1 3 . 1 . Worker 3 | . . . . . 3 . . . Builder 11 | . 2 1 1 . 3 3 1 . Tunneler 4 | . 1 . . . 1 2 . . Recycler 3 | . 1 . . . 1 1 . . Operator 1 | . . . . . 1 . . . Watcher 9 | . 1 3 . 1 2 1 1 . Swarmer 18 | . . 4 . 1 4 6 3 . Grunt 31 | . 5 4 . 14 2 4 2 . Sentry 12 | . . . . 2 3 3 4 . Hunter 2 | . . . . . . . 2 . Programmer 5 | . . . . . 1 4 . . Best Kill Streak 12 | . 3 12 1 4 6 3 2 . Combat Bots Only 8 | . 3 8 . 3 5 3 2 . Max Kills in Single Turn 5 | . 1 1 1 1 5 1 1 . Gunslinging . | . . . . . . . . . Exploded 1 | . . . . 1 1 . 1 . Melee 1 | . . . . . . . 1 . Uniques/NPCs Destroyed . | . . . . . . . . . Combat | -11 -10 -9 -9 -8 -7 -6 -6 -6 -------- Run | Yrd Mat Mat Min Mat Fac Fac Ext Cet Hostile Shots Fired 943 | . 24 19 . 122 188 227 355 8 Missed 270 | . 7 9 . 36 58 51 104 5 Damage Taken 9147 | . 216 95 . 1370 1453 2671 3292 50 Core 1389 | . 46 28 . 141 323 149 679 23 Absorbed by Shields 24 | . . . . . . . . 24 Redirected to Shielding 144 | . . . . 50 61 33 . . Regen/Repaired (Parts) 89 | . 54 . . 35 . . . . Core Remaining (%) 80 | 100 81 . 93 74 53 . . . Volleys Fired 286 | . 25 24 1 65 43 100 24 4 Largest 2 | . 2 2 2 2 2 2 2 2 Hottest 149 | . 60 60 60 91 149 105 114 56 Shots Fired 528 | . 50 48 2 125 74 176 45 8 Gun 435 | . 50 48 2 80 43 165 43 4 Cannon 80 | . . . . 38 31 11 . . Launcher 13 | . . . . 7 . . 2 4 Special . | . . . . . . . . . Kinetic 252 | . 25 24 1 66 23 87 22 4 Thermal 79 | . . . . 38 20 . 21 . Explosive 7 | . . . . 7 . . . . Electromagnetic 190 | . 25 24 1 14 31 89 2 4 Robot Hit Streak 17 | . 9 6 4 16 17 17 11 7 Robot Miss Streak 9 | . 9 3 . 3 3 6 3 1 Penetration Max 1 | . . . . . . 1 1 . Secondary Targets 4 | . 2 1 . 1 . . . . Max Gunslinging Chain 1 | . 1 1 . 1 . . . . Shots Hit Robots 380 | . 29 26 2 90 51 125 54 3 Core Hits 194 | . 18 15 1 40 31 57 25 7 Critical Kills 2 | . . . . . . . 2 . Critical Parts Destroyed 10 | . . . . 1 . 6 3 . Critical Strikes 22 | . 1 . . 1 1 9 10 . Burn 1 | . . . . . . . 1 . Destroy 8 | . . . . 1 . 4 3 . Corrupt 5 | . 1 . . . 1 3 . . Smash 4 | . . . . . . 2 2 . Sever 4 | . . . . . . . 4 . Melee Attacks 54 | . . . . . . 20 34 . Impact 27 | . . . . . . 20 7 . Slashing 27 | . . . . . . . 27 . Piercing . | . . . . . . . . . Sneak Attacks 3 | . . . . . . 2 1 . Combat Hostiles . | . . . . . . . . . Follow-up Attacks . | . . . . . . . . . Damage Inflicted 9498 | . 395 377 24 2219 1876 2798 1642 167 Guns 5232 | . 395 377 24 882 532 2225 766 31 Cannons 1212 | . . . . 572 582 58 . . Explosions 1874 | . . . . 765 762 150 61 136 Melee 1180 | . . . . . . 365 815 . Ramming . | . . . . . . . . . Kinetic 3147 | . 214 128 12 757 158 1399 448 31 Thermal 2310 | . . . . 742 1136 114 318 . Explosive 595 | . . . . 595 . . . . Electromagnetic 2266 | . 181 249 12 125 582 920 61 136 Impact 449 | . . . . . . 365 84 . Slashing 731 | . . . . . . . 731 . Piercing . | . . . . . . . . . Highest Corruption 20 | . . . . 3 2 20 20 20 Average Corruption 10 | . . . . 2 1 5 20 20 Corruption Purged 5 | . . . . . 2 3 . . Corruption Blocked . | . . . . . . . . . Effects 104 | . . . . 5 5 27 65 2 Message Errors 17 | . . . . 2 . 3 12 . Matter Fused 28 | . . . . . 2 8 17 1 Heat Flow Errors 10 | . . . . 1 2 2 5 . Energy Discharges 16 | . . . . . . 4 12 . Data Loss (minor) 10 | . . . . . 1 3 6 . Data Loss (major) 4 | . . . . . . 1 2 1 Misfires 5 | . . . . 1 . 2 2 . Alerts 1 | . . . . . . . 1 . Misdirections 3 | . . . . . . . 3 . Weapon Failures 10 | . . . . 1 . 4 5 . Overload Shots . | . . . . . . . . . Overflow Damage 661 | . . . . 59 312 257 33 . Projectiles 28 | . . . . 11 17 . . . Explosions 361 | . . . . 48 295 18 . . Melee 272 | . . . . . . 239 33 . Knockbacks . | . . . . . . . . . Impact . | . . . . . . . . . Kinetic . | . . . . . . . . . Secondary . | . . . . . . . . . Self-Inflicted Damage 374 | . . . . 31 224 119 . . Shots 7 | . . . . 1 3 3 . . Rammed . | . . . . . . . . . Targets Rammed . | . . . . . . . . . Kicked . | . . . . . . . . . Crushed . | . . . . . . . . . Highest Temperature 459 | . 42 3 . 192 246 326 459 16 Average Temperature 92 | . 18 3 . 42 69 101 143 12 Received Heat Transfer 2665 | . 120 24 . 711 258 426 1122 4 Effects 8 | . . . . . . 3 5 . Shutdowns 1 | . . . . . . . 1 . Interference 6 | . . . . . . 3 3 . Matter Decay 1 | . . . . . . . 1 . Siege Activations . | . . . . . . . . . Robots Corrupted . | . . . . . . . . . Combat Hostiles . | . . . . . . . . . Parts Fried 23 | . . 1 . 1 7 14 . . Impact Corruptions 8 | . . . . . . 7 1 . Robots Melted 1 | . . . . . 1 . . . Combat Hostiles 1 | . . . . . 1 . . . Parts Melted 8 | . . . . . 5 . 3 . Heat Transferred 3393 | . . . . 1186 1475 150 582 . Parts Sabotaged . | . . . . . . . . . Parts Stolen . | . . . . . . . . . Parts Stripped . | . . . . . . . . . Power Chain Reactions 5 | . . . . 2 1 2 . . Alert | -11 -10 -9 -9 -8 -7 -6 -6 -6 ------- Run | Yrd Mat Mat Min Mat Fac Fac Ext Cet Peak Influence 569 | . 181 312 126 569 273 184 225 125 Initial 246 | . . 76 121 48 246 128 51 125 Average 145 | . 109 225 123 395 157 80 115 112 Maximum Alert Level 2 | . . 1 . 2 1 . 1 . Low Security (%) 75 | 100 100 33 100 15 63 100 78 100 Level 1 17 | . . 66 . 19 36 . 21 . Level 2 6 | . . . . 64 . . . . Level 3 . | . . . . . . . . . Level 4 . | . . . . . . . . . Level 5 . | . . . . . . . . . High Security . | . . . . . . . . . Max Security . | . . . . . . . . . Squads Dispatched 25 | . 2 1 . 5 6 8 3 . Investigation 9 | . 2 . . 1 2 1 3 . Extermination 6 | . . . . . 2 4 . . Reinforcement 10 | . . 1 . 4 2 3 . . Assault . | . . . . . . . . . Garrison . | . . . . . . . . . Intercept . | . . . . . . . . . Searches Triggered . | . . . . . . . . . Construction Impeded 3 | . . . . 1 1 1 . . Haulers Reinforced . | . . . . . . . . . Active Scanning Responses . | . . . . . . . . . Cargo Convoy Interrupts . | . . . . . . . . . Stealth | -11 -10 -9 -9 -8 -7 -6 -6 -6 --------- Run | Yrd Mat Mat Min Mat Fac Fac Ext Cet Distress Signals 9 | . . 2 . 2 1 1 2 1 Communications Jammed . | . . . . . . . . . Distress Signals . | . . . . . . . . . Times Spotted 141 | . 8 12 . 37 18 25 37 4 Peak Tracking Total 8 | . 5 6 . 7 6 4 8 5 Tactical Retreats 10 | . 1 1 . 2 3 1 2 . Traps | -11 -10 -9 -9 -8 -7 -6 -6 -6 ------- Run | Yrd Mat Mat Min Mat Fac Fac Ext Cet Traps Triggered 7 | . 1 . . 3 . . 3 . Indirectly 1 | . . . . . . . 1 . Trap Hack Attempts . | . . . . . . . . . Triggered . | . . . . . . . . . Disarmed 4 | . . 4 . . . . . . Reprogrammed . | . . . . . . . . . Reused . | . . . . . . . . . Traps Extracted . | . . . . . . . . . Installed . | . . . . . . . . . Triggered . | . . . . . . . . . Machines | -11 -10 -9 -9 -8 -7 -6 -6 -6 ---------- Run | Yrd Mat Mat Min Mat Fac Fac Ext Cet Machines Disabled 17 | . . . . 2 9 3 3 . Max in Single Turn 4 | . . . . 1 4 1 1 . Garrison Access 1 | . . . . . . 1 . . Machines Repaired . | . . . . . . . . . Machines Dismantled . | . . . . . . . . . Machines Sabotaged . | . . . . . . . . . Overloaded Fab Kills . | . . . . . . . . . Hacking | -11 -10 -9 -9 -8 -7 -6 -6 -6 --------- Run | Yrd Mat Mat Min Mat Fac Fac Ext Cet Machines Accessed 41 | . 3 2 . 3 8 11 14 . Terminals 32 | . 2 2 . 2 5 7 14 . Fabricators 1 | . . . . . . 1 . . Repair Stations 3 | . 1 . . 1 1 . . . Recycling Units 2 | . . . . . 1 1 . . Scanalyzers 2 | . . . . . 1 1 . . Garrison Access 1 | . . . . . . 1 . . Total Hacks 114 | . 11 8 . 11 20 27 37 . Successful 58 | . 6 4 . 7 12 15 14 . Failed 56 | . 5 4 . 4 8 12 23 . Catastrophic 4 | . . . . . 3 . 1 . Database Lockouts . | . . . . . . . . . Manual 45 | . 5 4 . 5 10 13 8 . Terminals 90 | . 7 8 . 8 10 20 37 . Fabricators 2 | . . . . . . 2 . . Repair Stations 10 | . 4 . . 3 3 . . . Recycling Units 6 | . . . . . 5 1 . . Scanalyzers 4 | . . . . . 2 2 . . Garrison Access 2 | . . . . . . 2 . . Terminal Hacks 21 | . 1 2 . 1 2 3 12 . Record 3 | . . . . . 1 1 1 . Robot Analysis 1 | . 1 . . . . . . . Open Door 7 | . . . . . . . 7 . Branch Access Points 1 | . . . . . . . 1 . Alert Level 1 | . . . . . . . 1 . Unreport Threat 1 | . . . . . . 1 . . Locate Traps 2 | . . . . 1 1 . . . Disarm Traps 1 | . . 1 . . . . . . Recall Investigation 1 | . . . . . . . 1 . Zone Layout 3 | . . 1 . . . 1 1 . Fabricator Hacks . | . . . . . . . . . Repair Station Hacks 8 | . 4 . . 3 1 . . . Scan Component 5 | . 2 . . 2 1 . . . Repair 3 | . 2 . . 1 . . . . Recycling Unit Hacks 3 | . . . . . 2 1 . . Process 1 | . . . . . 1 . . . Report Inventory 2 | . . . . . 1 1 . . Scanalyzer 3 | . . . . . 2 1 . . Insert Component 2 | . . . . . 1 1 . . Analyze 1 | . . . . . 1 . . . Garrison Access Hacks 1 | . . . . . . 1 . . Seal Access 1 | . . . . . . 1 . . Unauthorized Hacks 22 | . 1 2 . 3 5 9 2 . Terminals 20 | . 1 2 . 3 3 9 2 . Track 1 | . . . . . . 1 . . Assimilate 2 | . . . . . . 2 . . Botnet 14 | . 1 1 . 2 3 5 2 . Disrupt 1 | . . . . 1 . . . . Operators 2 | . . 1 . . . 1 . . Fabricators . | . . . . . . . . . Repair Stations . | . . . . . . . . . Recycling Units 2 | . . . . . 2 . . . Monitor 1 | . . . . . 1 . . . Recyclers 1 | . . . . . 1 . . . Scanalyzers . | . . . . . . . . . Garrison Access . | . . . . . . . . . Data Cores Recovered . | . . . . . . . . . Used . | . . . . . . . . . Hacking Detections 29 | . 3 2 . 2 6 8 8 . Full Trace Events 8 | . 1 . . 1 2 1 3 . Feedback Events 1 | . . . . . . . 1 . Hackware Fried 1 | . . . . . . . 1 . Feedback Blocked . | . . . . . . . . . Robot Schematics Acquired . | . . . . . . . . . Robots Built . | . . . . . . . . . Authchips . | . . . . . . . . . Time . | . . . . . . . . . Total Robot Build Rating . | . . . . . . . . . Part Schematics Acquired 1 | . . . . . 1 . . . Parts Built . | . . . . . . . . . Authchips . | . . . . . . . . . Time . | . . . . . . . . . Total Part Build Rating . | . . . . . . . . . Parts Repaired 3 | . 2 . . 1 . . . . Time 78 | . 52 . . 26 . . . . Parts Recycled . | . . . . . . . . . Recycled Matter 131 | . . . . . 131 . . . Retrieved Matter . | . . . . . . . . . Retrieved Components . | . . . . . . . . . Parts Scanalyzed 2 | . . . . . 1 1 . . Part Schematics Acquired 1 | . . . . . 1 . . . Parts Damaged . | . . . . . . . . . Bothacking | -11 -10 -9 -9 -8 -7 -6 -6 -6 ------------ Run | Yrd Mat Mat Min Mat Fac Fac Ext Cet Used RIF Installer . | . . . . . . . . . Robots Hacked . | . . . . . . . . . Non-combat . | . . . . . . . . . Combat . | . . . . . . . . . Robot Hacks Applied . | . . . . . . . . . Relay Couplers Released . | . . . . . . . . . Fabnet Peak Effective % . | . . . . . . . . . Robots Rewired 7 | . . . . . . . 7 . Allies Hacked . | . . . . . . . . . Hacks Repelled . | . . . . . . . . . Allies | -11 -10 -9 -9 -8 -7 -6 -6 -6 -------- Run | Yrd Mat Mat Min Mat Fac Fac Ext Cet Total Allies 19 | . . . 2 . . . 17 . Largest Group 7 | . . . 2 2 . . 7 5 Highest-Rated Group 202 | . . . 43 43 . . 202 129 Highest-Rated Ally 39 | . . . 31 31 . . 39 39 Total Orders . | . . . . . . . . . Ally Attacks 163 | . . . . 17 . . 141 5 Total Damage 3063 | . . . . 275 . . 2649 139 Kills 20 | . . . . 4 . . 16 . Allies Corrupted . | . . . . . . . . . Allies Melted . | . . . . . . . . . Intel | -11 -10 -9 -9 -8 -7 -6 -6 -6 ------- Run | Yrd Mat Mat Min Mat Fac Fac Ext Cet Robot Analysis Total 1 | . 1 . . . . . . . Derelict Logs Recovered 1 | . . . 1 . . . . . Drone Launches . | . . . . . . . . . Drone Recoveries . | . . . . . . . . . Exploration | -11 -10 -9 -9 -8 -7 -6 -6 -6 ------------- Run | Yrd Mat Mat Min Mat Fac Fac Ext Cet Turns Passed 6831 | 41 358 171 154 690 1800 2224 1344 49 Spaces Moved 4245 | 39 267 111 179 453 1207 1303 667 19 Core 7 | 1 . . . . . . 6 . Treads 502 | . . . . . 217 14 271 . Legs 203 | . . . . . . . 184 19 Wheels 3533 | 38 267 111 179 453 990 1289 206 . Hover . | . . . . . . . . . Flight . | . . . . . . . . . Fastest Speed 50 | 50 80 80 80 80 90 90 110 120 Average Speed 114 | 79 80 80 80 88 119 114 152 182 Slowest Speed 650 | 80 80 80 80 95 250 245 650 190 Overloaded Moves . | . . . . . . . . . Propulsion Burnouts . | . . . . . . . . . Robots Hopped . | . . . . . . . . . Cave-ins Triggered 1 | . . . . . . 1 . . Exploration Rate (%) 32 | 4 42 16 54 39 32 25 68 10 Regions Visited 8 Branch Regions 3 Pre-discovered Areas . | . . . . . . . . . Known Exits Taken 3 | . . . . . 1 1 1 . Unknown Exits Taken 5 | 1 1 1 1 1 . . . . Scrap Searched 1 | . . . 1 . . . . . Spaces Dug 5 | . . . . . . 5 . . Terrain Destroyed 123 | . . . . 45 58 17 3 . Melee 5 | . . . . . . 5 . . Projectile 5 | . . . . . . 2 3 . AOE 113 | . . . . 45 58 10 . . Terrain Rammed . | . . . . . . . . . Walls Destroyed . | . . . . . . . . . Machines Disabled . | . . . . . . . . . Actions | -11 -10 -9 -9 -8 -7 -6 -6 -6 --------- Run | Yrd Mat Mat Min Mat Fac Fac Ext Cet Total 5567 | 45 359 144 187 613 1488 1822 882 27 Wait 699 | . 56 5 7 58 178 339 56 . Move 4237 | 38 266 110 178 452 1206 1302 666 19 Hop . | . . . . . . . . . Pick Up 46 | 1 6 . . 4 13 11 11 . Fast Attach 71 | 6 3 1 1 7 11 19 21 2 Attach 37 | . 1 . . 7 9 11 8 1 Detach 12 | . . . . 4 5 1 2 . Swap 41 | . 1 2 . 11 8 5 13 1 Drop 46 | . 1 2 . 5 15 14 9 . Fire 286 | . 25 24 1 65 43 100 24 4 Melee 54 | . . . . . . 20 34 . Ram . | . . . . . . . . . Kick . | . . . . . . . . . Crush . | . . . . . . . . . Escape Stasis 16 | . . . . . . . 16 . Rewire 22 | . . . . . . . 22 . Trap . | . . . . . . . . . Miscellaneous . | . . . . . . . . . Route ------- -11/Scrapyard -10/Materials -9/Materials -9/Mines (discovered 2 exits: *Mat / [*Zio]) -8/Materials -7/Factory (discovered 3 exits: *Fac / *Low x2) -6/Factory -6/Extension (discovered 2 exits: *Fac / *Cet) -6/Cetus History --------- Turn | Location | Event 26 | -11/Scrapyard | Discovered new exit (range 14) 42 | -11/Scrapyard | Entered Materials 260 | -10/Materials | Repaired Wheel 288 | -10/Materials | Repaired Wheel 309 | -10/Materials | Build established: Mutant 372 | -10/Materials | Discovered new exit (range 11) 400 | -10/Materials | Entered another Materials area 400 | -9/Materials | Evolved 2 slots: Utility x2 521 | -9/Materials | Destroyed 8 combat bots 544 | -9/Materials | Discovered new exit (range 14) 571 | -9/Materials | Entered Mines 580 | -9/Mines | A Derelict revealed a hidden shortcut to a safe place 674 | -9/Mines | Learned Materials emergency access door positions 682 | -9/Mines | Discovered new exit (range 14) 725 | -9/Mines | Entered Materials 725 | -8/Materials | Accompanied by 2 allies 725 | -8/Materials | Evolved 2 slots: Propulsion x1, Utility x1 731 | -8/Materials | Led the pair of lost Derelicts to an unsafe place 1174 | -8/Materials | Lost 3 parts (1p2n) 1210 | -8/Materials | Discovered new exit (range 15) 1227 | -8/Materials | Repaired Wheel 1248 | -8/Materials | Build established: Scavenger-Skirmisher 1415 | -8/Materials | Entered Factory 1415 | -7/Factory | Evolved 2 slots: Utility x2 1860 | -7/Factory | Discovered new exit (range 12) 1880 | -7/Factory | Identified exit to Lower Caves 1946 | -7/Factory | Build established: Scavenger-Mutant 1988 | -7/Factory | Lost 4 parts (1p1n1u1w) 3141 | -7/Factory | Discovered exit to Lower Caves (range 14) 3154 | -7/Factory | Discovered new exit (range 8) 3212 | -7/Factory | Identified exit to Factory 3215 | -7/Factory | Entered another Factory area 3215 | -6/Factory | Evolved 2 slots: Power x1, Utility x1 3331 | -6/Factory | Build established: Mutant 3751 | -6/Factory | Lost 4 parts (1p2u1w) 4473 | -6/Factory | Lost 3 parts (1p1u1w) 4972 | -6/Factory | Build established: Scavenger-Mutant 5412 | -6/Factory | Crushed by falling debris 5412 | -6/Factory | System corruption reached 10% 5433 | -6/Factory | Discovered new exit (range 5) 5438 | -6/Factory | Identified exit to Extension 5439 | -6/Factory | Entered Extension 5443 | -6/Extension | Lost 3 parts (3u) 5462 | -6/Extension | Disrupted transfer network 5516 | -6/Extension | Rescued a captive Derelict 5739 | -6/Extension | Build established: Hacker-Mutant 5848 | -6/Extension | Rescued a captive Derelict 5869 | -6/Extension | System Shield fried by hacking feedback 5892 | -6/Extension | Rescued a captive Derelict 6139 | -6/Extension | Lost 3 allies 6228 | -6/Extension | Lost 8 parts (2p2n3u1w) 6233 | -6/Extension | Spotted B-75 Beast 6235 | -6/Extension | Core integrity fell below 50% 6239 | -6/Extension | Spotted B-75 Beast 6262 | -6/Extension | Rescued a captive Derelict 6262 | -6/Extension | Rescued a captive Derelict 6286 | -6/Extension | Core integrity fell below 20% 6326 | -6/Extension | Rescued a captive Derelict 6327 | -6/Extension | Rescued a captive Derelict 6340 | -6/Extension | Lost 9 parts (2p4n2u1w) 6417 | -6/Extension | Rescued a captive Derelict 6512 | -6/Extension | Rescued a captive Derelict 6513 | -6/Extension | Rescued a captive Derelict 6568 | -6/Extension | Identified exit to Cetus 6673 | -6/Extension | Discovered new exit (range 10) 6678 | -6/Extension | Build established: Scavenger-Mutant 6735 | -6/Extension | Lost 4 parts (1n2u1w) 6765 | -6/Extension | Identified exit to Factory 6783 | -6/Extension | Entered Cetus 6783 | -6/Cetus | Accompanied by 5 allies 6808 | -6/Cetus | Spotted Cetus Guard 6808 | -6/Cetus | Spotted Cetus Guard 6817 | -6/Cetus | Spotted Cetus Guard 6821 | -6/Cetus | Spotted Cetus Guard 6832 | -6/Cetus | Destroyed by Cetus Guard with Advanced Variable Charge Gun Last Messages --------------- good idea?" Slug penetrates Wall. Penetrated by Slug. Structural Scanner destroyed. Slug penetrates Wall. Slug penetrates 5H-YXB(h). 5H-YXB(h) destroyed. 90-KMC(b) suffers critical hit (Destroy). Acquired Flexi-carbon Leg. Acquired 41 matter. Slug penetrates 9Z-OVJ(b). System corrupted: Substantial component data lost. Acquired Fission Core. Slug penetrates Wall. Penetrated by Slug. Slug penetrates 9Z-OVJ(b). 9Z-OVJ(b) destroyed. Cetus Guard suffers critical hit (Smash). Destroyed Quantum Reactor. Cetus Guard system corrupted by crushing effect. Map ----- +----------------------------------------------------+ | ?????????????????????????????????????????? | | ?????????????????????????????????????????? | | ?????????????????????????????????????????? | | ?????????????????????????????????????????? | | ?????????????????????????????????????????? | | ?????????????????????????????????????????? | | ?????????????????????????????????????????? | | ?????????????????????????????????????????? | | ?????????????????????????????????????????? | | ?????????????????????????????????????????? | | ?????????????????????????????????????????? | | ?????????????????????????????????????????? | | ?????????????????????????????????????????? | | ?????????????????????????????????????????? | | ?????????????????????????????????????????? | | ?????????????????????????????????????????? | | ?????????????????????????????????????????? | | ?????????????????????????????????????????? | | ?????????????????????????????????????????? | | ??????????????????????????#??????????????? | | ????????????????????????? ###????????????? | | ####################### ####???????????? | | ###################### #####?????????? | | ## % b Y ????????? | | ## ! %Y Y ????????? | | ## @ Y ????????? | | #######"##########;#;#####"#""#??????????? | | ##############################???????????? | | ?????????????????????????????????????????? | | ?????????????????????????????????????????? | | ?????????????????????????????????????????? | | ?????????????????????????????????????????? | | ?????????????????????????????????????????? | | ?????????????????????????????????????????? | | ?????????????????????????????????????????? | | ?????????????????????????????????????????? | | ?????????????????????????????????????????? | | ?????????????????????????????????????????? | | ?????????????????????????????????????????? | | ?????????????????????????????????????????? | | ?????????????????????????????????????????? | | ?????????????????????????????????????????? | | ?????????????????????????????????????????? | | ?????????????????????????????????????????? | | ?????????????????????????????????????????? | | ?????????????????????????????????????????? | | ?????????????????????????????????????????? | | ?????????????????????????????????????????? | | ?????????????????????????????????????????? | | ?????????????????????????????????????????? | +----------------------------------------------------+ Best States ------------- Heat Dissipation 56 Energy Generation 29 Energy Capacity 850 Matter Stores 300 Matter Capacity 300 Sight Range 16 Robot Scan Range 16 Terrain Scan Range 16 Terrain Scan Density 110 ECM Strength 2 Armor Coverage 525 Utility Shielding 33 Weapon Shielding 66 Phase Shifting 5 Evasion (%) 55 Targeting Accuracy 8 Target Analysis 5 Recoil Reduction 4 Particle Charging 20 Offensive Hacking 10 Defensive Hacking 10 Item Schematics ----------------- Arm. Treads | -7/Factory | Scanalyzed Robot Schematics ------------------ None Fabricated ------------ Nothing Alien Tech Used ----------------- None Achievements -------------- None Challenges ------------ None Game ------ Seed DerelictCoreLance Manual? 0 Play Time 01:27:09 Cumulative 43.6 hours Start 2024.07.27 @ 17:40:52 End 2024.07.27 @ 19:07:58 Sessions 1 Manual Loads 0 Difficulty Rogue Special Mode None Game No. 39 Rogue 39 Adventurer 0 Explorer 0 Win Type - Total 0 Types 0/0/0/0/0/0/0/0/0 Lore% 27 Gallery% 35 Achievement% 27 Wizard Run 0 Options --------- Layout 1 ASCII 0 Keyboard 0 Movement Arrows Keybinds 0 Fullscreen 1 Font 16/Terminus Map View 55x38 Zoom Use 0% Tactical HUD 0 Map Filters NONE Filters NONE Steam 1 RUN: 68070fd3-6892-4451-8c82-4d77424a22cc